 Dungeon Crawl Stone Soup version 0.25.1-2-g60ff931df9 (webtiles) character file.

Game seed: 4469106157174751579

1477 Allula97 the Poker (level 8, -4/63 HPs)
             Began as a Merfolk Skald on Nov 13, 2020.
             Was a Follower of Qazlal.
             Slain by an orc warrior
             ... wielding a +0 hand axe
              (6 damage)
             ... on level 5 of the Dungeon on Nov 14, 2020.
             The game lasted 00:45:51 (7073 turns).

Allula97 the Poker (Merfolk Skald)                  Turns: 7073, Time: 00:45:51

Health: -4/63      AC:  5    Str: 14      XL:     8   Next: 78%
Magic:  10/13      EV: 14    Int: 18      God:    Qazlal [*.....]
Gold:   293        SH:  1    Dex: 10 (13) Spells: 4/14 levels left

rFire    + . .     SeeInvis .   a - +0 spear
rCold    . . .     Gourm    .   (no shield)
rNeg     . . .     Faith    +   b - +0 leather armour
rPois    +         Spirit   .   s - +1 helmet "Riophac" {rF+ rCorr}
rElec    .         Reflect  .   (no cloak)
rCorr    +         Harm     .   (no gloves)
MR       .....                  (no boots)
Stlth    +.........             n - amulet of faith
HPRegen  0.20/turn              t - +6 ring of intelligence
MPRegen  0.13/turn              u - ring of poison resistance

@: about to teleport, stab
A: change form in water, swift swim, stealthy swim
a: Renounce Religion


You were on level 5 of the Dungeon.
You worshipped Qazlal.
Qazlal was aware of your devotion.
You were not hungry.

You visited 2 branches of the dungeon, and saw 6 of its levels.

You collected 293 gold pieces.

Inventory:

Hand Weapons
 a - a +0 spear (weapon)
 j - a +4 flail of draining
Missiles
 q - 43 poisoned darts (quivered)
Armour
 b - a +0 leather armour (worn)
 e - a +0 kite shield
 f - a +0 ring mail
 s - the +1 helmet "Riophac" (worn) {rF+ rCorr}
   (You found it on level 4 of the Dungeon)

   It protects you from fire.
   It provides partial protection from all sources of acid and corrosion.
Jewellery
 n - an amulet of faith (around neck)
 o - an uncursed ring of fire
 p - an uncursed ring of protection from cold
 t - a +6 ring of intelligence (left hand)
 u - a ring of poison resistance (right hand)
Wands
 h - a wand of random effects (15)
 l - a wand of digging (4)
Scrolls
 c - 2 scrolls of enchant armour
 g - 6 scrolls of identify
 k - a scroll of immolation
 m - 5 scrolls of teleportation
 w - a scroll of remove curse
Potions
 i - a potion of stabbing
Comestibles
 d - 7 rations


   Skills:
 * Level 5.5 Fighting
 + Level 7.4 Polearms
 + Level 2.3 Armour
 * Level 6.7 Dodging
 + Level 0.4 Shields
 + Level 3.6 Spellcasting
 + Level 5.2 Charms
 + Level 2.6 Invocations


You had 4 spell levels left.
You knew the following spells:

 Your Spells              Type           Power        Failure   Level  Hunger
a - Infusion              Chrm           ###.         2%          1    None
b - Song of Slaying       Chrm           ###.....     3%          2    ##.....
c - Shroud of Golubria    Chrm/Tloc      ##....       10%         2    ##.....
d - Swiftness             Chrm/Air       ##......     10%         2    ##.....
e - Spectral Weapon       Hex/Chrm       ##......     19%         3    ###....

Your spell library contained the following spells:

 Spells                   Type           Power        Failure   Level  Hunger
 Animate Skeleton         Necr           N/A          19%         1    None
 Apportation              Tloc           #.....       19%         1    None
 Corona                   Hex            #......      19%         1    None
 Shock                    Conj/Air       #...         19%         1    None
 Summon Small Mammal      Summ           #...         19%         1    None
 Ozocubu's Armour         Chrm/Ice       ##......     19%         3    ###....
 Slow                     Hex            #.......     28%         2    ##.....
 Inner Flame              Hex/Fire       #.......     50%         3    ###....
 Portal Projectile        Hex/Tloc       #.....       50%         3    ###....
 Static Discharge         Conj/Air       #.......     50%         3    ###....
 Airstrike                Air            #.........   88%         4    ####...
 Cause Fear               Hex            #.........   88%         4    ####...
 Leda's Liquefaction      Hex/Erth       #.........   88%         4    ####...
 Lightning Bolt           Conj/Air       #.........   99%         5    ######.


Dungeon Overview and Level Annotations

Branches:
Dungeon (5/15)             Temple (1/1) D:4

Altars:
Ashenzari
Cheibriados
Dithmenos
Elyvilon
Fedhas
Gozag
Hepliaklqana
Kikubaaqudgha
Makhleb
Nemelex Xobeh
Okawaru
Qazlal
Ru
Sif Muna
Uskayaw
Vehumet
Wu Jian
Xom
Yredelemnul
Zin
The Shining One

Shops:
D:4 =


Message History

The orc priest hits you with a +2 vampiric dagger.
* * * LOW HITPOINT WARNING * * *
The orc warrior closely misses you. The orc hits you with a +0 club.
* * * LOW HITPOINT WARNING * * *
Okay, then.
You hit the orc priest.
The orc priest is heavily wounded.
The orc priest hits you with a +2 vampiric dagger.
* * * LOW HITPOINT WARNING * * *
The orc warrior hits you but does no damage.
The orc completely misses you.
Unknown command.
You hit the orc priest.
The orc priest is heavily wounded.
The orc priest calls upon Beogh to heal the orc warrior.
The orc warrior's wounds heal themselves!
You hit the orc priest.
The orc priest is almost dead.
The orc warrior hits you with a +0 hand axe.
You die...

#####.........###.###.....###
..# #...^.....# #.##......#
..# #.........###.##......# ##
..# #.........##..#.......#
#.. ..#
##....................# #..#
..# ##...................##..#
..#######...#..........###...#
....<.....#.#...§o.........##
. ..#########.#...@o........##
#.. ### #.....o.........# ..
##..............##.#
##..#.######......# ##.#.####
#...#### #.......# #...#
#.......# #...# #.......#
#...# ######### #####


You could see an orc warrior, an orc priest and an orc.

Vanquished Creatures
  Pikel (D:4)
  Edmund (D:4)
  A slave (D:4)
  A phantom (D:4)
  Blork the orc (D:5)
  A gnoll sergeant (D:4)
  A howler monkey (D:4)
  A crimson imp (D:5)
  A hound (D:5)
  A jelly (D:5)
  3 orc priests
  A quasit (D:5)
  4 orc wizards
  A centaur skeleton (D:4)
  5 worker ants
  Terence (D:3)
  A hound skeleton (D:3)
  Robin (D:2)
  2 adders
  An adder skeleton (D:5)
  7 worms
  6 dart slugs
  4 leopard geckos
  16 orcs
  A ball python (D:4)
  6 bats
  6 giant cockroaches
  13 goblins
  16 hobgoblins
  10 jackals
  2 quokkas (D:2)
  7 frilled lizards
  7 kobolds
  14 rats
145 creatures vanquished.

Vanquished Creatures (others)
  A slave (D:5)
  A centaur (D:5)
  A bullfrog skeleton (D:5)
  A leopard gecko (D:5)
4 creatures vanquished.

Grand Total: 149 creatures vanquished

Notes
Turn   | Place    | Note
-------+----------+-------------------------------------------
     0 | D:1      | Allula97 the Merfolk Skald began the quest for the Orb.
     0 | D:1      | Reached XP level 1. HP: 16/16 MP: 3/3
    89 | D:1      | Reached XP level 2. HP: 10/23 MP: 5/5
    93 | D:1      | Learned a level 2 spell: Song of Slaying
   632 | D:1      | Reached XP level 3. HP: 26/28 MP: 6/6
   861 | D:2      | Reached skill level 1 in Armour
  1359 | D:2      | Reached XP level 4. HP: 34/34 MP: 7/7
  1446 | D:2      | Reached skill level 4 in Polearms
  1793 | D:2      | Noticed Robin
  1800 | D:2      | Killed Robin
  1876 | D:2      | Reached XP level 5. HP: 39/41 MP: 8/8
  1890 | D:2      | Learned a level 2 spell: Shroud of Golubria
  2305 | D:3      | Noticed Terence
  2314 | D:3      | Killed Terence
  3082 | D:3      | Reached XP level 6. HP: 44/47 MP: 10/10
  3784 | D:4      | Got a spiked helmet
  3795 | D:4      | Identified the +1 helmet "Riophac" {rF+ rCorr} (You found
                  | it on level 4 of the Dungeon)
  3803 | D:4      | Learned a level 2 spell: Swiftness
  3887 | D:4      | Found a staircase to the Ecumenical Temple.
  3912 | D:4      | Noticed a phantom
  3944 | Temple   | Entered the Ecumenical Temple
  4081 | Temple   | Became a worshipper of Qazlal Stormbringer
  4137 | D:4      | Killed a phantom
  4137 | D:4      | Reached skill level 5 in Polearms
  4185 | D:4      | Noticed Edmund
  4262 | D:4      | Killed Edmund
  4262 | D:4      | Reached skill level 5 in Dodging
  4262 | D:4      | Reached skill level 1 in Invocations
  4262 | D:4      | Reached XP level 7. HP: 7/54 MP: 3/11
  4957 | D:4      | Reached skill level 6 in Polearms
  4979 | D:4      | Found Detem's Jewellery Boutique.
  5171 | D:4      | Found an opulent altar of Gozag.
  5451 | D:5      | Entered Level 5 of the Dungeon
  5489 | D:5      | Noticed Pikel
  5747 | D:4      | Killed Pikel
  5747 | D:4      | Reached skill level 5 in Fighting
  5747 | D:4      | Reached skill level 7 in Polearms
  5747 | D:4      | Reached skill level 5 in Charms
  5747 | D:4      | Reached XP level 8. HP: 7/62 MP: 1/13
  6030 | D:4      | Learned a level 3 spell: Spectral Weapon
  6175 | D:5      | Reached * piety under Qazlal
  6454 | D:5      | Noticed Blork the orc
  6468 | D:5      | Killed Blork the orc
  7067 | D:5      | HP: 3/63 [orc warrior/+0 hand axe (17)]
  7071 | D:5      | HP: 1/63 [orc priest/+2 vampiric dagger (6)]
  7073 | D:5      | Slain by an orc warrior

Illustrated notes

Levels and vault maps discovered:
D:1:      giann_horns, layout_basic, minmay_misc_feat_square,
          minmay_split_cup_small
D:2:      layout_loops_corners, uniq_robin
D:3:      layout_basic, chequers_serial_rivers_large_a, dk_noncrumbling_3,
          uniq_terence
D:4:      minmay_chambers_of_fours, layout_gridville, old_standard_altar,
          minmay_temple_entry_statues, serial_shops, nicolae_shop_waterfront,
          uniq_edmund
D:5:      layout_rooms, first_ration, kennysheep_generic_room_8,
          uniq_blork_the_orc, uniq_pikel
Temple:   regret_index_temple_chain_breaker

Skill      XL: |  1  2  3  4  5  6  7 |
---------------+----------------------+-----
Dodging        | 3 4 5 6 |  6.7
Armour         | 1 2 |  2.3
Polearms       | 4 5 7 |  7.4
Fighting       | 3 4 5 |  5.5
Charms         | 4 5 |  5.2
Invocations    | 1 2 |  2.6
Spellcasting   | 3 |  3.6
Shields        | |  0.4

Action                   |  1- 3 |  4- 6 |  7- 9 || total
-------------------------+-------+-------+-------++-------
Melee: Spear             |   137 |   337 |   340 ||   814
Throw: Dart              |       |    16 |    55 ||    71
 Cast: Infusion          |     7 |     7 |     9 ||    23
       Song of Slaying   |     1 |     6 |     3 ||    10
       Swiftness         |       |     4 |     1 ||     5
       Shroud of Golubri |       |     2 |     7 ||     9
  Use: Scroll            |     2 |     4 |     5 ||    11
       Potion            |       |     7 |     7 ||    14
 Stab: Sleeping          |       |       |     8 ||     8
       Invisible         |       |       |     4 ||     4
  Eat: Chunk             |     2 |    10 |    10 ||    22
Armor: Leather armour    |     3 |    12 |    69 ||    84
       Ring mail         |    16 |    74 |       ||    90
       Skin              |       |    15 |       ||    15
Dodge: Dodged            |    53 |   150 |   209 ||   412
Block: Kite shield       |       |       |    29 ||    29
       Other             |       |       |     1 ||     1
